 Seeded DCSS version 0.30-a0-743-gbfdf073431 (webtiles) character file.

Game seed: 5430720872467839093 (custom seed)

1005 purpskrrrp the Ruffian (level 8, -8/72 HPs)
             Began as a Troll Warper on Feb 7, 2023.
             Was an Initiate of Cheibriados.
             Mangled by a two-headed ogre
             ... wielding a +0 giant spiked club
              (16 damage)
             ... on level 5 of the Dungeon.
             The game lasted 00:06:59 (3814 turns).

purpskrrrp the Ruffian (Troll Warper)               Turns: 3814, Time: 00:06:59

Health: -8/72      AC:  6    Str: 29    XL:     8   Next: 0%
Magic:  11/11      EV: 10    Int: 10    God:    Cheibriados [......]
Gold:   908        SH:  0    Dex: 15    Spells: 8/12 levels left

rFire   . . .      SeeInvis .      - Unarmed
rCold   + . .      Faith    .    (no shield)
rNeg    . . .      Spirit   .    C - +2 robe of Binutifa {rPois Dex+5}
rPois   +          Reflect  .    (helmet restricted)
rElec   .          Harm     .    s - scarf {shadows}
rCorr   .          Rampage  .    (gloves unavailable)
Will    .....                    (boots unavailable)
Stlth   +                        n - amulet of regeneration
HPRegen 1.92/turn                l - +6 ring of strength
MPRegen 0.12/turn                r - ring of protection from cold

@: studying Fighting, very slow
A: large, unfitting armour, claws 3, regeneration 1, shaggy fur 1, tough skin 1
a: Renounce Religion


You were on level 5 of the Dungeon.
You worshipped Cheibriados.
Cheibriados was noncommittal.
You visited 2 branches of the dungeon, and saw 6 of its levels.

You collected 1335 gold pieces.
You spent 427 gold pieces at shops.

Inventory:

Missiles
 c - 4 boomerangs of dispersal
 A - a throwing net
Armour
 a - a +0 robe
 s - a scarf of shadows (worn)
 C - the +2 robe of Binutifa (worn) {rPois Dex+5}
   (You found it on level 3 of the Dungeon)

   Dex:       It affects your dexterity (+5).
   rPois:     It protects you from poison.
Jewellery
 l - a +6 ring of strength (left claw)
 n - an amulet of regeneration (around neck)
 r - a ring of protection from cold (right claw)
 F - a ring of positive energy
Wands
 v - a wand of mindburst (21)
 D - a wand of roots (4)
Scrolls
 b - 2 scrolls of blinking
 e - a scroll of torment {unknown}
 f - 3 scrolls of amnesia {unknown}
 g - 6 scrolls of identify
 h - 2 scrolls of noise {unknown}
 k - 4 scrolls of teleportation {unknown}
 m - a scroll of brand weapon {unknown}
 o - 4 scrolls of enchant armour
 p - a scroll of fog {unknown}
 q - a scroll of immolation {unknown}
 t - a scroll of fear
 y - a scroll of poison {unknown}
 z - a scroll of silence {unknown}
 E - a scroll of butterflies {unknown}
 H - 2 scrolls of magic mapping {unknown}
Potions
 d - a potion of mutation {unknown}
 i - 3 potions of attraction {unknown}
 j - 2 potions of curing
 u - 2 potions of lignification {unknown}
 w - a potion of ambrosia {unknown}
 x - a potion of degeneration {unknown}
 B - 2 potions of berserk rage {unknown}
 G - a potion of magic {unknown}


   Skills:
 + Level 2.0 Fighting
 - Level 0.8 Throwing
 - Level 1.9 Dodging
 * Level 6.1 Unarmed Combat
 + Level 2.7 Spellcasting
 * Level 4.9 Translocations


You had 8 spell levels left.
You knew the following spells:

 Your Spells              Type           Power      Damage    Failure   Level
a - Manifold Assault      Tloc           11%        N/A       36%         4

Your spell library contained the following spells:

 Spells                   Type           Power      Damage    Failure   Level
 Blink                    Tloc           22%        N/A       6%          2
 Lesser Beckoning         Tloc           22%        N/A       6%          2
 Teleport Other           Tloc           11%        N/A       12%         3
 Vhi's Electric Charge    Tloc/Air       12%        N/A       30%         3
 Static Discharge         Conj/Air       2%         2-3/arc   41%         2
 Arcjolt                  Conj/Air       0%         1d10      100%        5
 Lightning Bolt           Conj/Air       0%         1d11      100%        5


Dungeon Overview and Level Annotations

Branches:
Dungeon (5/15)             Temple (1/1) D:4

Altars:
Cheibriados
Dithmenos
Hepliaklqana
Nemelex Xobeh
Okawaru
Ru
Sif Muna
Uskayaw
Vehumet
Wu Jian
Xom
Yredelemnul
Zin
The Shining One

Shops:
D:2 ?


Innate Abilities, Weirdness & Mutations

You are too large for most types of armour.
You have claws for hands.
Your natural rate of healing is unusually fast.
You are covered in fur. (AC +1)
You have tough skin. (AC +1)


Message History

Aim: a two-headed ogre, wielding a +0 giant spiked club and a +0 giant club The roots erupt in riotous growth!
Roots grab the two-headed ogre.
The grasping roots constrict the two-headed ogre.
The two-headed ogre escapes!
You mangle the two-headed ogre!!
The two-headed ogre is moderately wounded.
The two-headed ogre hits you with a +0 giant spiked club!
The two-headed ogre hits you with a +0 giant club!!
You scratch the two-headed ogre. You claw the two-headed ogre!
The two-headed ogre is heavily wounded.
You claw the two-headed ogre!
The two-headed ogre is severely wounded.
The two-headed ogre hits you with a +0 giant spiked club.
The two-headed ogre hits you with a +0 giant club!
* * * LOW HITPOINT WARNING * * *
You are too injured to fight recklessly!
You are too injured to fight recklessly!
You are too injured to fight recklessly!
You are too injured to fight recklessly!
You are too injured to fight recklessly!
You are too injured to fight recklessly!
You are too injured to fight recklessly!
You are too injured to fight recklessly!
You are too injured to fight recklessly!
You are too injured to fight recklessly!
You are too injured to fight recklessly!
You are too injured to fight recklessly!
You are too injured to fight recklessly!
You are too injured to fight recklessly!
You are too injured to fight recklessly!
You are too injured to fight recklessly!
You claw the two-headed ogre!
The two-headed ogre is almost dead.
You scratch the two-headed ogre. You claw the two-headed ogre.
The two-headed ogre is almost dead.
The two-headed ogre hits you with a +0 giant spiked club!
* * * LOW HITPOINT WARNING * * *
The two-headed ogre hits you with a +0 giant club!
You die...

... ... # ..<#.#.!
###.##.#.## # .........
.#
#############.O....#...
#...........#@........#
#.#######..............
####.#######.....#.<....#
...#.#...........#......#
##.#.......#.#.#.#......#
##.#....................#
.#.#.........#.#........#
.....#+####..###.#......#
........................#


You could see a two-headed ogre.

Vanquished Creatures
  The ghost of nalyd1 the Magician, an amateur DjFE (D:4)
  An ice beast (D:5)
  Blork the orc (D:4)
  A bullfrog (D:4)
  A scorpion (D:4)
  A necrophage (D:2)
  2 orc priests
  A hound (D:4)
  2 iguanas
  4 orc wizards
  9 gnolls
  6 adders
  A white imp (D:4)
  An ufetubus (D:4)
  3 worms (D:4)
  A dart slug (D:4)
  5 orcs
  3 bats
  8 endoplasms
  3 giant cockroaches
  7 hobgoblins
  7 jackals
  6 kobolds
  5 quokkas
  8 ball pythons
  2 frilled lizards
  4 goblins
  3 rats
97 creatures vanquished.

Notes
Turn   | Place    | Note
-------+----------+-------------------------------------------
     0 | D:1      | purpskrrrp the Troll Warper began the quest for the Orb.
     0 | D:1      | Reached XP level 1. HP: 19/19 MP: 1/1
   116 | D:1      | Reached XP level 2. HP: 27/27 MP: 3/3
   930 | D:2      | Reached XP level 3. HP: 33/33 MP: 4/4
   997 | D:2      | Reached skill level 3 in Unarmed Combat
   999 | D:2      | Reached XP level 4. HP: 41/41 MP: 5/5
  1110 | D:2      | Identified 4 scrolls of acquirement
  1110 | D:2      | Acquired a scarf of shadows
  1116 | D:2      | Acquired 849 gold pieces
  1117 | D:2      | Acquired 314 gold pieces
  1118 | D:2      | Acquired an amulet of regeneration
  1187 | D:2      | Noticed a necrophage
  1196 | D:2      | Killed a necrophage
  1306 | D:2      | Found Doddoiw's Magic Scroll Shoppe.
  1311 | D:2      | Bought a scroll of identify for 28 gold pieces
  1311 | D:2      | Bought a scroll of enchant armour for 105 gold pieces
  1311 | D:2      | Bought a scroll of enchant armour for 105 gold pieces
  1311 | D:2      | Bought a scroll of identify for 28 gold pieces
  1311 | D:2      | Bought a scroll of fear for 56 gold pieces
  1311 | D:2      | Bought a scroll of blinking for 105 gold pieces
  1316 | D:2      | Learned a level 4 spell: Manifold Assault
  1508 | D:3      | Reached XP level 5. HP: 33/48 MP: 6/6
  1537 | D:3      | Identified the +3 short sword of the Manifold Quests
                  | {flame, rElec Int+5}
  1690 | D:3      | Found a faded altar of an unknown god.
  1780 | D:3      | Reached skill level 4 in Unarmed Combat
  1900 | D:3      | Found an iron altar of Okawaru.
  1997 | D:3      | Reached XP level 6. HP: 41/55 MP: 8/8
  2099 | D:3      | Identified the +2 robe of Binutifa {rPois Dex+5}
  2468 | D:4      | Found a runed translucent door.
  2471 | D:4      | Found a staircase to the Ecumenical Temple.
  2478 | D:4      | Noticed nalyd1's ghost (amateur DjFE)
  2503 | D:4      | Killed nalyd1's ghost
  2504 | D:4      | Reached skill level 5 in Unarmed Combat
  2504 | D:4      | Reached XP level 7. HP: 59/62 MP: 9/9
  2735 | D:4      | Noticed Blork the orc
  2746 | D:4      | Killed Blork the orc
  3029 | Temple   | Entered the Ecumenical Temple
  3317 | Temple   | Became a worshipper of Cheibriados the Contemplative
  3366 | D:5      | Entered Level 5 of the Dungeon
  3387 | D:5      | Reached skill level 6 in Unarmed Combat
  3492 | D:5      | Noticed a two-headed ogre
  3500 | D:5      | HP: 1/65 [two-headed ogre/+0 giant spiked club (11)]
  3743 | D:4      | Reached XP level 8. HP: 68/72 MP: 11/11
  3814 | D:5      | Mangled by a two-headed ogre

Illustrated notes

Levels and vault maps discovered:
D:1:      dpeg_arrival_boxes_within_box, layout_basic
D:2:      layout_loops_ring, serial_shops, shop, nicolae_kite_square_tiling_tiny
D:3:      layout_rooms, okawaru_metal_pillars_3, ebering_ecumenical_altar_rust
D:4:      layout_basic, minmay_temple_entry_overgrown, ebering_ghost_sewer_d,
          minmay_manual_monstrance, uniq_blork_the_orc
D:5:      layout_basic, uniq_duvessa
Temple:   oiseaux_autumnal_temple

Skill      XL: |  1  2  3  4  5  6  7 |
---------------+----------------------+-----
Unarmed Combat | 3 4 5 6 |  6.1
Translocations | 3 4 |  4.9
Spellcasting   | 2 |  2.7
Fighting       | 2 |  2.0
Throwing       | |  0.8
Dodging        | |  1.9

Action                     |  1- 3 |  4- 6 |  7- 9 || total
---------------------------+-------+-------+-------++-------
  Melee: Unarmed           |    78 |   158 |    80 ||   316
         Punch             |     2 |     4 |     4 ||    10
  Throw: Boomerang         |     2 |       |     1 ||     3
  Evoke: Wand              |       |       |     2 ||     2
    Use: Scroll            |       |     4 |     1 ||     5
         Potion            |       |       |     1 ||     1
   Stab: Sleeping          |       |     2 |     2 ||     4
 Armour: Robe              |    54 |    43 |    47 ||   144
  Dodge: Dodged            |    44 |    92 |    37 ||   173

Table legend: (Time is in decaauts)
 A = Elapsed time spent in this place.
 B = Non-inter-level travel time spent in this place.
 C = Inter-level travel time spent in this place.
 D = Time resting spent in this place.
 E = Time spent auto-exploring this place.
 F = Levels seen in this place.
 G = Mean time per level.
                   A        B        C        D        E       F      G
               +--------+--------+--------+--------+--------+-----+--------+
         Total |   3851 |   3541 |    310 |    227 |   2650 |   6 |  641.8 |
       Dungeon |   3543 |   3285 |    258 |    227 |   2409 |   5 |  708.6 |
        Temple |    308 |    256 |     52 |      0 |    241 |   1 |  308.0 |
               +--------+--------+--------+--------+--------+-----+--------+

Top non-repeatable levels by time:
     D:4: 1194 daAuts
     D:1: 871 daAuts
     D:2: 644 daAuts
     D:3: 625 daAuts
  Temple: 308 daAuts
     D:5: 207 daAuts
